 Dungeon Crawl Stone Soup version 0.30-a0-223-gcb0039aa0c (webtiles) character file.

Game seed: 1899885306979598010

17 droid the Trooper (level 2, 26/26 HPs)
             Began as a Ghoul Fighter on Oct 9, 2022.
             Safely got out of the dungeon.
             The game lasted 00:01:08 (906 turns).

droid the Trooper (Ghoul Fighter)                    Turns: 906, Time: 00:01:09

Health: 26/26      AC:  6    Str: 19    XL:     2   Next: 62%
Magic:  1/1        EV:  9    Int:  3    God:
Gold:   33         SH:  4    Dex:  8    Spells: 1/1 levels left

rFire   . . .      SeeInvis .    a - +0 war axe
rCold   + . .      Faith    .    c - +0 buckler
rNeg    + + +      Spirit   .    b - +0 scale mail
rPois   ∞          Reflect  .    (no helmet)
rElec   .          Harm     .    (no cloak)
rCorr   .          Rampage  .    (no gloves)
Will    .....                    (no boots)
Stlth   ..........               (no amulet)
HPRegen 0.24/turn                (no ring)
MPRegen 0.07/turn                (no ring)

@: no status effects
A: claws 1, cold resistance 1, negative energy resistance 3, inhibited
regeneration, torment resistance 2, devour on kill
a: no special abilities


You escaped.
You visited 1 branch of the dungeon, and saw 1 of its levels.

You collected 33 gold pieces.

Inventory:

Hand Weapons
 a - a +0 war axe (weapon)
Armour
 b - a +0 scale mail (worn)
 c - a +0 buckler (worn)
Scrolls
 f - a scroll of brand weapon {unknown}
 g - a scroll of teleportation {unknown}
 i - a scroll of summoning {unknown}
 l - a scroll of fear {unknown}
Potions
 d - a potion of might
 e - 2 potions of curing {unknown}
 h - a potion of heal wounds {unknown}
 j - a potion of berserk rage {unknown}
 k - a potion of attraction {unknown}


   Skills:
 + Level 3.4 Fighting
 * Level 2.2 Axes
 + Level 2.9 Armour
 + Level 2.9 Shields


You had one spell level left.
You didn't know any spells.
Your spell library contained the following spells:

 Spells                   Type           Power      Damage    Failure   Level
 Summon Small Mammal      Summ           0%         N/A       94%         1
 Call Canine Familiar     Summ           0%         N/A       100%        3
 Kindle Blastsparks       Fire/Tloc/Air  0%         2d10      100%        3
 Summon Guardian Golem    Hex/Summ       0%         N/A       100%        3
 Fulminant Prism          Conj/Hex       0%         3d6       100%        4
 Iskenderun's Mystic Bla  Conj/Tloc      0%         2d3       100%        4
 Lee's Rapid Deconstruct  Erth           0%         3d5*      100%        5


Dungeon Overview and Level Annotations

Branches:
Dungeon (1/15)

Altars:

Shops:
D:1 *


Innate Abilities, Weirdness & Mutations

You are immune to poison.
You have sharp fingernails.
Your flesh is cold resistant. (rC+)
You are immune to negative energy. (rN+++)
You do not regenerate when monsters are visible.
You are immune to unholy pain and torment.
You thrive by killing the living.


Message History

No target in view!
You see here a hobgoblin corpse.
You see here a hobgoblin corpse.
A hobgoblin comes into view.
The hobgoblin shouts!
A hobgoblin is nearby!
A hobgoblin is nearby!
A hobgoblin is nearby!
You slash the hobgoblin!
You kill the hobgoblin!
No target in view!
No target in view!
No target in view!
You see here a hobgoblin corpse.
Found a stone staircase leading down.
l - a scroll labelled UKLYMIC IDDY You see here a +0 rapier.
You pick up a book of Callings and begin reading...
You add the spells Summon Small Mammal, Call Canine Familiar and Summon Guardian Golem to your library.
Done exploring.
Done exploring.
Done exploring.
No target in view!
Done exploring.
No target in view!
Done exploring.
No target in view!
Search for what [? for help]? .
Unknown command.
Unknown command.
You see here a +0 rapier.
You see here a +0 dagger of venom.
There is an escape hatch in the floor here.
There is a stone staircase leading down here.
You see here a +0 helmet.
There is a large open door here.
There is a staircase leading out of the dungeon here.
You can't go down here!
Are you sure you want to leave the Dungeon?
This will make you lose the game!
You have escaped!

#..# #... #..# #..#
#..# #..# #..# #...
#### #..# #..#
#..###..######## #..#
#.#.####.......# #..#
#.#...########.# #..#
#.#.@..### #.###..#
#.#...#'.#####......#
#.8####'.........)...
#.####.############..
##....## ### ######


There were no monsters in sight!

Vanquished Creatures
  A bat (D:1)
  3 endoplasms (D:1)
  A giant cockroach (D:1)
  3 hobgoblins (D:1)
  3 quokkas (D:1)
  A frilled lizard (D:1)
  A kobold (D:1)
  A rat (D:1)
14 creatures vanquished.

Notes
Turn   | Place    | Note
-------+----------+-------------------------------------------
     0 | D:1      | droid the Ghoul Fighter began the quest for the Orb.
     0 | D:1      | Reached XP level 1. HP: 19/19 MP: 0/0
   156 | D:1      | Found Itizi's Assorted Antiques.
   286 | D:1      | Reached XP level 2. HP: 26/26 MP: 1/1
   906 | D:$      | Safely got out of the dungeon.

Illustrated notes

Levels and vault maps discovered:
D:1:      saegor_arrival_simple_e, layout_loops_ring, serial_shops, shop

Skill      XL: |  1  2 |
---------------+-------+-----
Axes           | 2 |  2.2
Fighting       | |  3.4
Armour         | |  2.9
Shields        | |  2.9

Action                   || total
-------------------------++-------
Melee: War axe           ||    51
Armor: Scale mail        ||    26
Dodge: Dodged            ||    25
Block: Buckler           ||     9

Table legend: (Time is in decaauts)
 A = Elapsed time spent in this place.
 B = Non-inter-level travel time spent in this place.
 C = Inter-level travel time spent in this place.
 D = Time resting spent in this place.
 E = Time spent auto-exploring this place.
 F = Levels seen in this place.
 G = Mean time per level.
                   A        B        C        D        E       F      G
               +--------+--------+--------+--------+--------+-----+--------+
         Total |    928 |    737 |    191 |      0 |    606 |   1 |  928.0 |
       Dungeon |    928 |    737 |    191 |      0 |    606 |   1 |  928.0 |
               +--------+--------+--------+--------+--------+-----+--------+

Top non-repeatable levels by time:
     D:1: 928 daAuts
